 Dungeon Crawl Stone Soup version 0.21.1-1-g345015f (webtiles) character file.

870 letownia2 the Conjurer (level 8, -6/45 HPs)
             Began as a Gargoyle Wizard on Feb 23, 2018.
             Was an Initiate of Vehumet.
             Mangled by a centaur
             ... wielding a +0 broad axe
              (9 damage)
             ... on level 5 of the Dungeon.
             The game lasted 00:12:27 (1733 turns).

letownia2 the Conjurer (Gargoyle Wizard)            Turns: 1733, Time: 00:12:28

Health: -6/45      AC:  8    Str: 10    XL:     8   Next: 3%
Magic:  4/13       EV: 12    Int: 22    God:    Vehumet [......]
Gold:   236        SH:  0    Dex:  8    Spells: 3/14 levels left

rFire    . . .     SeeInvis .   a - +1 dagger (venom)
rCold    + . .     Gourm    .   (no shield)
rNeg     + . .     Faith    .   v - +0 leather armour
rPois    ∞         Spirit   .   b - +0 hat
rElec    +         Reflect  .   (no cloak)
rCorr    .         Harm     .   (no gloves)
MR       .....                  (no boots)
Stlth    +.........             (no amulet)
HPRegen  0.15/turn              h - ring of protection from cold
MPRegen  0.13/turn              (no ring)

@: no status effects
A: negative energy resistance 1, electricity resistance, unbreathing,
petrification resistance, rot immunity, AC +5
a: Renounce Religion


You were on level 5 of the Dungeon.
You worshipped Vehumet.
Vehumet was noncommittal.
You were hungry.

You visited 2 branches of the dungeon, and saw 7 of its levels.

You collected 236 gold pieces.

Inventory:

Hand Weapons
 a - a +1 dagger of venom (weapon)
 t - a +0 trident
Missiles
 j - 29 poisoned needles
 r - 57 stones (quivered)
Armour
 b - a +0 hat (worn)
 g - a +0 robe
 n - a cursed +0 ring mail
 v - a +0 leather armour (worn)
Jewellery
 h - a ring of protection from cold (left hand)
Scrolls
 f - 4 scrolls of identify {unknown}
 m - a scroll of magic mapping {unknown}
 o - a scroll of immolation {unknown}
 p - a scroll of teleportation {unknown}
 q - 4 scrolls of remove curse {unknown}
 s - a scroll of enchant weapon {unknown}
 u - a scroll of holy word {unknown}
Potions
 e - a potion of agility {unknown}
 i - a potion of mutation {unknown}
 k - 2 potions of degeneration {unknown}
 l - a potion of berserk rage {unknown}
 w - a potion of might {unknown}
 x - a potion of magic {unknown}
Books
 c - a book of Minor Magic

   Spells                             Type                      Level
   a - Magic Dart                     Conjuration                  1
   b - Blink                          Translocation                2
   c - Call Imp                       Summoning                    2
   d - Slow                           Hexes                        2
   e - Conjure Flame                  Conjuration/Fire             3
   f - Mephitic Cloud                 Conjuration/Poison/Air       3
Comestibles
 d - 7 rations


   Skills:
 - Level 2.4 Fighting
 - Level 2.5 Dodging
 - Level 2.1 Stealth
 + Level 3.9 Spellcasting
 * Level 5.9 Conjurations
 - Level 0.8 Summonings
 - Level 0.8 Translocations
 - Level 2.6 Fire Magic
 - Level 2.1 Air Magic
 - Level 2.6 Poison Magic


You had 3 spell levels left.
You knew the following spells:

 Your Spells              Type           Power        Failure   Level  Hunger
a - Magic Dart            Conj           ####         1%          1    None
b - Blink                 Tloc           N/A          16%         2    #......
c - Conjure Flame         Conj/Fire      ###.....     8%          3    ###....
e - Mephitic Cloud        Conj/Pois/Air  ###.....     11%         3    ###....
i - Call Imp              Summ           #.......     16%         2    #......


Dungeon Overview and Level Annotations

Branches:
Dungeon (6/15)             Temple (1/1) D:4

Altars:
Ashenzari
Cheibriados
Fedhas
Kikubaaqudgha
Qazlal
Ru
Trog
Vehumet


Innate Abilities, Weirdness & Mutations

You are resistant to torment.
Your stone body is resilient. (AC +5)
You are immune to poison.
You resist negative energy. (rN+)
You are resistant to electric shocks. (rElec)
You can survive without breathing.
You are immune to petrification.
You are immune to rotting.


Message History

You can't see any susceptible monsters within range! (Use Z to cast anyway.) Unknown command.
Unknown command.
Casting: Magic Dart
Confirm with . or Enter, or press ? or * to list all spells.
Aiming: Mephitic Cloud
Press: ? - help, Shift-Dir - straight line, f/p - centaur
Aim: a centaur, wielding a broad axe (moderately wounded, poisoned, unusually resistant)
The ball explodes into a vile cloud!
The stinking cloud engulfs the centaur.
The centaur appears unharmed.
The centaur is moderately wounded.
The stinking cloud engulfs you!
You are feeling hungry.
The centaur misses you.
Unknown command.
Unknown command.
You completely miss the centaur.
The centaur is moderately wounded.
The centaur hits you with an uncursed broad axe!
You die...

##.###..# #..# ##...##. #..##..#
#..# ##.###. #..##†.#######..#
#.####..
#.#l##...........########.#.###..
..#.##.....####..........###.....
#.#.##..##............>...#.###.#
#.#.##..##..####§#########.# #.#
..............(c.# #.#
#.#.........####@# #.#
#.####..##.## #.# #.####.#
.....#..#..# #.# #......#
..........(. ..# ######.#
...#c####.### #### #.# #.##.# #.#
#†# #### #.# #)# #. #.# #.#


You could see a centaur.

Vanquished Creatures
  Grinder (D:5)
  2 ogres (D:5)
  A scorpion (D:5)
  A howler monkey (D:2)
  A bullfrog skeleton (D:5)
  2 jellies
  An orc priest (D:4)
  A centaur skeleton (D:4)
  A centaur zombie (D:3)
  An orc wizard (D:4)
  An iguana (D:5)
  5 worker ants
  4 adders
  An ooze (D:3)
  A worm (D:2)
  3 dart slugs
  8 orcs
  5 bats
  3 giant cockroaches
  3 goblins
  3 hobgoblins
  2 jackals (D:2)
  4 kobolds
  3 ball pythons
  2 frilled lizards (D:3)
  2 rats (D:2)
62 creatures vanquished.

Notes
Turn   | Place    | Note
-------+----------+-------------------------------------------
     0 | D:1      | letownia2 the Gargoyle Wizard began the quest for the Orb.
     0 | D:1      | Reached XP level 1. HP: 10/10 MP: 4/4
    98 | D:1      | Reached skill level 2 in Conjurations
   143 | D:1      | Reached XP level 2. HP: 15/15 MP: 6/6
   234 | D:2      | Noticed a howler monkey
   255 | D:2      | Killed a howler monkey
   255 | D:2      | Reached skill level 3 in Conjurations
   255 | D:2      | Reached XP level 3. HP: 17/19 MP: 2/7
   260 | D:2      | Learned a level 3 spell: Mephitic Cloud
   264 | D:2      | Learned a level 3 spell: Conjure Flame
   342 | D:2      | Reached XP level 4. HP: 22/24 MP: 8/8
   414 | D:2      | Learned a level 2 spell: Blink
   435 | D:3      | Reached skill level 1 in Fire Magic
   435 | D:3      | Reached skill level 1 in Poison Magic
   444 | D:3      | Reached skill level 1 in Air Magic
   464 | D:3      | Reached XP level 5. HP: 14/28 MP: 6/9
   654 | D:4      | Found a staircase to the Ecumenical Temple.
   663 | Temple   | Entered the Ecumenical Temple
   681 | Temple   | Became a worshipper of Vehumet
   822 | D:4      | Noticed a necrophage
   959 | D:4      | Reached XP level 6. HP: 22/32 MP: 6/10
  1325 | D:4      | Noticed a phantom
  1329 | D:5      | Entered Level 5 of the Dungeon
  1333 | D:5      | Learned a level 2 spell: Call Imp
  1365 | D:5      | Reached skill level 4 in Conjurations
  1396 | D:5      | Reached skill level 1 in Fighting
  1400 | D:5      | Reached XP level 7. HP: 37/38 MP: 5/11
  1463 | D:5      | Reached skill level 5 in Conjurations
  1587 | D:5      | Noticed Grinder
  1612 | D:5      | Paralysed by Grinder for 5 turns
  1630 | D:5      | Killed Grinder
  1648 | D:5      | Reached XP level 8. HP: 15/45 MP: 0/13
  1731 | D:5      | HP: 2/45 [centaur/uncursed broad axe (6)]
  1733 | D:5      | Mangled by a centaur

Skill      XL: |  1  2  3  4  5  6  7 |
---------------+----------------------+-----
Conjurations   | 2 3 4 5 |  5.9
Fire Magic     | 1 2 |  2.6
Poison Magic   | 1 2 |  2.6
Air Magic      | 1 2 |  2.1
Fighting       | 1 2 |  2.4
Dodging        | 2 |  2.5
Stealth        | |  2.1
Spellcasting   | |  3.9
Summonings     | |  0.8
Translocations | |  0.8

Action                   |  1- 3 |  4- 6 |  7- 9 || total
-------------------------+-------+-------+-------++-------
Melee: Unarmed           |     6 |       |       ||     6
       Dagger            |    24 |    88 |    35 ||   147
 Cast: Magic Dart        |    16 |    17 |     7 ||    40
       Conjure Flame     |       |     5 |     2 ||     7
       Mephitic Cloud    |       |     5 |     8 ||    13
 Stab: Sleeping          |     3 |     2 |       ||     5
       Confused          |       |     2 |     3 ||     5
  Eat: Chunk             |       |     2 |     2 ||     4
Armor: Robe              |     9 |    23 |     2 ||    34
       Leather armour    |       |       |     6 ||     6
Dodge: Dodged            |    17 |    66 |    22 ||   105
